Map: Odyssey LE

Players

Yata

  • Race: Zerg Zerg
  • League: Silver
  • Spawn Location: 11:00

A.I. 1 (Hard) - Winner!

  • Race: Terran Terran
  • Spawn Location: 5:00

VOD

Have the link to the VOD?

Description

Time

  • Played on: Aug. 4, 2017, 8:34 p.m.
  • Length: 8:20
Show
View Real Time Build Order
Export as new Build Order

Yata Zerg 

Build Orders: Hatch First 

Get SALT Encoding   

  12  0:01  Drone  
  13  0:12  Overlord  
  13  0:17  Drone  
  14  0:34  Drone x2  
  16  0:38  Drone  
  17  0:58  Hatchery  
  16  1:06  Drone  
  16  1:07  Drone  
  18  1:21  Extractor  
  18  1:25  Spawning Pool  
  16  1:27  Drone  
  16  1:28  Drone  
  16  1:29  Drone  
  19  1:48  Drone  
  19  1:53  Drone  
  21  2:02  Overlord  
  21  2:13  Queen  
  23  2:16  Queen  
  23  2:18  Zergling x4  
  27  2:28  Drone x2  
  29  2:31  Metabolic Boost  
  29  2:35  Drone x2  
  31  2:43  Drone  
  32  2:46  Drone  
  33  2:59  Queen  
  33  3:04  Drone  
  36  3:10  Overlord  
  36  3:11  Overlord  
  36  3:30  Drone  
  36  3:31  Drone  
  36  3:32  Drone x5  
  43  3:34  Queen  
  45  3:42  Roach Warren, Pneumatized Carapace  
  44  4:23  Hatchery  
  41  4:59  Roach  
  51  5:00  Roach x4  
  51  5:24  Evolution Chamber  
  48  5:53  Roach x5  
  48  5:54  Roach x2  
  52  6:10  Zergling x2  
  52  6:11  Zergling x10  
  38  6:34  Zergling x2  
  38  6:35  Zergling x12  
  43  6:45  Zergling x4  
  42  7:08  Extractor  
  34  7:29  Zergling x2  
  33  7:30  Zergling x6  
  33  7:31  Zergling x10  
  41  7:38  Queen  
  45  7:52  Overlord x3  
Show
View Real Time Build Order
Export as new Build Order

A.I. 1 (Hard) Terran - Winner!

Build Orders: MMM Bio 

Get SALT Encoding   

  12  0:00  SCV  
  13  0:13  SCV  
  14  0:19  Supply Depot  
  14  0:25  SCV  
  15  0:40  SCV  
  16  0:44  Barracks  
  16  0:49  Refinery  
  16  0:53  SCV  
  17  1:05  SCV  
  18  1:17  SCV  
  19  1:22  Supply Depot  
  19  1:29  SCV  
  19  1:32  Marine  
  21  1:41  Barracks  
  21  1:42  Orbital Command  
  21  1:48  Refinery  
  21  1:51  Barracks Tech Lab  
  21  2:07  Supply Depot  
  21  2:09  Marine  
  22  2:27  Marine  
  22  2:28  Marine  
  24  2:45  Marine  
  24  2:46  Marine  
  24  2:47  Supply Depot  
  26  2:54  SCV  
  27  3:03  Marine, Marauder  
  30  3:06  SCV  
  30  3:07  Engineering Bay  
  31  3:18  SCV  
  32  3:24  Marauder  
  32  3:26  Supply Depot  
  34  3:30  SCV  
  35  3:43  SCV  
  35  3:46  Marauder  
  38  3:55  SCV  
  39  4:07  Marauder  
  41  4:29  Marauder  
  43  5:05  Barracks Tech Lab  
  43  5:06  Stimpack  
  43  5:08  Factory  
  43  5:10  Factory  
  43  5:13  Terran Infantry Weapons Level 1  
  43  5:15  Command Center  
  43  5:22  Combat Shields  
  43  5:48  Marine  
  42  5:54  Factory Tech Lab x2, Missile Turret  
  42  5:58  Starport  
  42  6:00  Missile Turret  
  42  6:02  Marine  
  42  6:05  Starport  
  42  6:12  Siege Tank  
  42  6:15  Supply Depot  
  43  6:21  Bunker  
  43  6:22  Cyclone  
  44  6:27  SCV  
  44  6:29  SCV  
  44  6:32  Marine  
  45  6:35  Refinery, Starport Tech Lab  
  45  6:36  Refinery  
  45  6:39  SCV  
  45  6:41  Concussive Shells, SCV  
  45  6:42  Starport Tech Lab, Marine  
  42  6:51  SCV  
  42  6:52  Marine  
  42  6:53  SCV  
  43  7:02  Marine  
  43  7:03  SCV  
  43  7:05  SCV  
  46  7:13  Marauder  
  46  7:15  SCV  
  46  7:17  SCV  
  46  7:18  Raven  
  46  7:22  Banshee  
  53  7:25  Missile Turret  
  53  7:28  SCV  
  53  7:29  SCV  
  55  7:33  Marauder  
  55  7:35  Missile Turret  
  57  7:40  SCV  
  57  7:41  SCV  
  57  7:42  Marine  
  60  7:50  Sensor Tower  
  60  7:52  SCV  
  60  7:53  SCV  
  60  7:54  Marine  
  60  7:55  Bunker  
  63  8:03  Supply Depot  
  63  8:04  SCV  
  68  8:05  SCV  
  69  8:16  Armory  
Tags
 
Composition
MMM Bio
League
Silver
Matchup
TvZ
Replay Pack
Pack 1
Spawn Locations
Cross Positions
Add a new tag
Caveats
  • Supply blocks, unpowered buildings, or Contaminate may cause inaccurate times.
  • Supply counts are checked every 10 seconds.